 Dungeon Crawl Stone Soup version 0.25.1-2-g60ff931df9 (webtiles) character file.

Game seed: 7292646062973874361

11 MajorAdolf the Magician (level 2, -2/22 HPs)
             Began as a Naga Wanderer on Sept 8, 2020.
             Slain by a goblin (4 damage)
             ... on level 1 of the Dungeon.
             The game lasted 00:01:28 (329 turns).

MajorAdolf the Magician (Naga Wanderer)              Turns: 329, Time: 00:01:29

Health: -2/22      AC:  1    Str: 14    XL:     2   Next: 25%
Magic:  6/6        EV: 10    Int: 15    God:
Gold:   29         SH:  0    Dex:  7    Spells: 6/7 levels left

rFire    . . .     SeeInvis +   a - +0 club
rCold    . . .     Gourm    .   (no shield)
rNeg     . . .     Faith    .   d - +0 robe
rPois    +         Spirit   .   (no helmet)
rElec    .         Reflect  .   (no cloak)
rCorr    .         Harm     .   (no gloves)
MR       .....                  (no barding)
Stlth    +.........             (no amulet)
HPRegen  0.07/turn              (no ring)
MPRegen  0.10/turn              (no ring)

@: short of breath, very slow
A: large, see invisible, deformed body, poison resistance, slowness 2, slow
metabolism 1, spit poison 1, AC +0
a: Spit Poison


You were on level 1 of the Dungeon.
You were not hungry.

You visited 1 branch of the dungeon, and saw 1 of its levels.

You collected 29 gold pieces.

Inventory:

Hand Weapons
 a - a +0 club (weapon)
Armour
 d - a +0 robe (worn)
Scrolls
 b - a scroll of identify {unknown}
 g - a scroll of enchant armour {unknown}
 h - a scroll of remove curse {unknown}
Potions
 c - a potion of curing
 e - a potion of cancellation {unknown}
Comestibles
 f - a ration


   Skills:
 + Level 0.2 Maces & Flails
 + Level 1.7 Dodging
 + Level 1.5 Stealth
 + Level 3.4 Spellcasting
 + Level 2.0 Necromancy
   Level 2.0 Evocations


You had 6 spell levels left.
You knew the following spells:

 Your Spells              Type           Power        Failure   Level  Hunger
a - Animate Skeleton      Necr           N/A          9%          1    None

Your spell library contained the following spells:

 Spells                   Type           Power        Failure   Level  Hunger
 Pain                     Necr           #...         9%          1    None
 Vampiric Draining        Necr           #.........   24%         3    ###....
 Shroud of Golubria       Chrm/Tloc      #.....       28%         2    ##.....
 Swiftness                Chrm/Air       #.......     28%         2    ##.....
 Animate Dead             Necr           N/A          63%         4    ####...
 Agony                    Necr           #.......     92%         5    ######.


Dungeon Overview and Level Annotations

Branches:
Dungeon (1/15)

Altars:


Innate Abilities, Weirdness & Mutations

You cannot wear boots.
Your serpentine skin is tough. (AC +0)
You have supernaturally acute eyesight. (SInv)
Armour fits poorly on your strangely shaped body.
Your system is resistant to poisons. (rPois)
You cover ground very slowly.
You have a slow metabolism.
You can spit poison.


Message History

You have got your breath back.
Press: ? - help, Shift-Dir - straight line, f - goblin
Aim: a goblin The splash of poison misses the goblin.
You feel slightly more hungry. The goblin hits you.
You closely miss the goblin. The goblin hits you.
You closely miss the goblin. The goblin hits you.
* * * LOW HITPOINT WARNING * * *
The goblin barely misses you.
You closely miss the goblin. The goblin hits you.
* * * LOW HITPOINT WARNING * * *
Unknown command.
You have got your breath back.
The goblin hits you.
* * * LOW HITPOINT WARNING * * *
Press: ? - help, Shift-Dir - straight line, f/p - goblin
Aim: a goblin The splash of poison misses the goblin.
You feel slightly more hungry. The goblin hits you.
You die...

# #........##....#>.... .
#........##....#..... ##.
##........##.#........
#..######%........##.#......#.
...................#..#........
...##.....#####.#.##.#...#.....
....#.....#####......#...#.....
...........†.g.##.#..#...###...
....#....)####@...#..## .......
#.. #.....# ##....... ....[.. .
#....)# ##.......# #...###
#####.## . ............. #%.#.#
#...... .####
#######.#.###......
.......!..g.#.(....
##..##..>..........
...............


You could see a goblin.

Vanquished Creatures
  A leopard gecko (D:1)
  A giant cockroach (D:1)
  2 goblins (D:1)
  A hobgoblin (D:1)
  A kobold (D:1)
  2 bats (D:1)
  A rat (D:1)
9 creatures vanquished.

Notes
Turn   | Place    | Note
-------+----------+-------------------------------------------
     0 | D:1      | MajorAdolf the Naga Wanderer began the quest for the Orb.
     0 | D:1      | MajorAdolf set off with the following items: a +0 club, a
                  | potion of curing, a +0 robe, a ration; and the following
                  | spells available to memorise: Animate Skeleton, Pain,
                  | Vampiric Draining, Shroud of Golubria, Swiftness, Animate
                  | Dead, Agony
     0 | D:1      | Reached XP level 1. HP: 15/15 MP: 4/4
     2 | D:1      | Learned a level 1 spell: Animate Skeleton
   303 | D:1      | Reached XP level 2. HP: 20/22 MP: 6/6
   328 | D:1      | HP: 1/22 [goblin (4)]
   329 | D:1      | Slain by a goblin

Illustrated notes

Levels and vault maps discovered:
D:1:      minmay_arrival_open_corners, layout_rooms, st_stairs_7, minivault_25

Action                   || total
-------------------------++-------
Melee: Club              ||    18
 Cast: Animate Skeleton  ||     2
 Abil: Spit Poison       ||    13
Armor: Robe              ||     1
Dodge: Dodged            ||    21
